[ AOE2 MATCH · #505927456 ]
UnrankedAztecs vs Bohemians
Player's team · WIN
[ REPLAY ANALYSIS · EXTRACTED FROM THE RECORDED GAME ]
Feudal
12:45
Castle
25:04
Imperial
—
| APM avg | 91.6 |
| APM peak | 161 |
| eAPM avg | 38.0 |
| Villagers / military | 61 / 45 |
Focus
⚔️ 36.3% · 🌾 63.7%
Skirmisher ×32 · Eagle Scout ×10 · Militia ×2 · Monk ×1
Feudal
10:52
Castle
21:12
Imperial
—
| APM avg | 73.7 |
| APM peak | 160 |
| eAPM avg | 26.8 |
| Villagers / military | 69 / 19 |
Focus
⚔️ 27.3% · 🌾 72.7%
Archer ×18 · Spearman ×1
Match map
Initial resources + every placement click. Lines = walls · curves = elevation contours. ◆ gold · ⬟ stone · ● berries · ✦ relic · ◌ wall gap
Your base· Open — 5t gap
PNAL | Miller's base· ✓ Closed at 21:12 · 46t walls · 2 gate(s)
Smoothed initial terrain · ◌ = detected wall gap · hover for details
Inputs per minute
— Speed - - PNAL | Miller
Build order — Speed
First 150 of 230 actions detected
| 0:00 | Create | Villager (Male) |
| 0:00 | Create | Villager (Male) |
| 0:01 | Create | Villager (Male) |
| 0:02 | Build | House |
| 0:02 | Build | House |
| 1:10 | Create | Villager (Male) |
| 1:32 | Create | Villager (Male) |
| 1:32 | Create | Villager (Male) |
| 2:01 | Create | Villager (Male) |
| 2:30 | Create | Villager (Male) |
| 2:30 | Create | Villager (Male) |
| 2:47 | Build | Barracks |
| 2:52 | Create | Villager (Male) |
| 3:15 | Create | Villager (Male) |
| 3:43 | Create | Villager (Male) |
| 3:43 | Create | Militia |
| 3:48 | Build | House |
| 4:02 | Create | Militia |
| 4:06 | Research | Loom |
| 4:06 | Research | Loom |
| 4:32 | Create | Villager (Male) |
| 4:56 | Create | Villager (Male) |
| 5:11 | Create | Villager (Male) |
| 5:39 | Create | Villager (Male) |
| 5:59 | Create | Villager (Male) |
| 6:00 | Build | House |
| 6:12 | Build | House |
| 6:34 | Create | Villager (Male) |
| 7:06 | Create | Villager (Male) |
| 7:28 | Build | Lumber Camp |
| 7:32 | Create | Villager (Male) |
| 7:38 | Create | Villager (Male) |
| 7:48 | Create | Villager (Male) |
| 7:55 | Build | Palisade Wall |
| 8:04 | Build | Palisade Wall |
| 8:05 | Create | Villager (Male) |
| 8:13 | Build | Palisade Wall |
| 8:14 | Build | Palisade Wall |
| 8:19 | Build | House |
| 9:07 | Build | Mill |
| 9:08 | Create | Villager (Male) |
| 9:36 | Create | Villager (Male) |
| 9:54 | Build | Palisade Wall |
| 9:59 | Build | Farm |
| 10:00 | Build | Farm |
| 10:04 | Build | Palisade Wall |
| 10:06 | Build | Palisade Wall |
| 10:08 | Create | Villager (Male) |
| 10:35 | Research | Feudal Age |
| 10:35 | Research | Feudal Age |
| 10:35 | Research | Feudal Age |
| 10:56 | Build | Mining Camp |
| 11:27 | Build | Palisade Wall |
| 11:27 | Build | Palisade Wall |
| 11:36 | Build | Palisade Wall |
| 11:58 | Build | Palisade Wall |
| 11:59 | Build | Palisade Wall |
| 12:00 | Create | Villager (Male) |
| 12:09 | Build | Palisade Wall |
| 12:09 | Create | Villager (Male) |
| 12:15 | Build | Palisade Wall |
| 12:17 | Build | Palisade Wall |
| 12:17 | Create | Villager (Male) |
| 12:45 | Age | Feudal Age |
| 12:47 | Build | Palisade Gate |
| 12:58 | Build | Archery Range |
| 13:00 | Create | Eagle Scout |
| 13:01 | Research | Double-Bit Axe |
| 13:01 | Research | Double-Bit Axe |
| 13:10 | Research | Horse Collar |
| 13:13 | Build | Farm |
| 13:14 | Create | Eagle Scout |
| 13:18 | Build | Palisade Gate |
| 13:45 | Build | Farm |
| 13:49 | Build | Farm |
| 13:51 | Create | Eagle Scout |
| 13:54 | Create | Villager (Male) |
| 13:57 | Build | House |
| 14:00 | Build | Palisade Wall |
| 14:04 | Build | Palisade Wall |
| 14:04 | Create | Skirmisher |
| 14:11 | Build | House |
| 14:15 | Create | Villager (Male) |
| 14:23 | Create | Villager (Male) |
| 14:28 | Create | Skirmisher |
| 14:36 | Create | Villager (Male) |
| 14:49 | Create | Skirmisher |
| 14:52 | Build | House |
| 14:56 | Create | Eagle Scout |
| 15:00 | Build | House |
| 15:01 | Build | Palisade Wall |
| 15:17 | Create | Skirmisher |
| 15:31 | Build | Blacksmith |
| 15:34 | Create | Villager (Male) |
| 15:41 | Create | Eagle Scout |
| 15:53 | Create | Skirmisher |
| 15:55 | Create | Villager (Male) |
| 15:57 | Build | Farm |
| 16:06 | Research | Arson |
| 16:06 | Research | Arson |
| 16:11 | Build | Farm |
| 16:14 | Create | Villager (Male) |
| 16:29 | Create | Skirmisher |
| 16:30 | Research | Fletching |
| 16:30 | Research | Fletching |
| 16:32 | Build | Farm |
| 16:35 | Create | Villager (Male) |
| 16:44 | Create | Skirmisher |
| 16:46 | Build | House |
| 16:58 | Build | Farm |
| 16:59 | Build | Farm |
| 17:02 | Build | Palisade Wall |
| 17:09 | Build | Farm |
| 17:11 | Create | Villager (Male) |
| 17:22 | Build | Palisade Wall |
| 17:23 | Build | Palisade Wall |
| 17:23 | Build | Palisade Wall |
| 17:28 | Build | House |
| 17:30 | Build | Palisade Wall |
| 17:34 | Create | Villager (Male) |
| 17:35 | Create | Skirmisher |
| 17:38 | Build | Market |
| 17:41 | Build | House |
| 17:53 | Create | Skirmisher |
| 17:56 | Create | Skirmisher |
| 18:06 | Build | Farm |
| 18:11 | Create | Villager (Male) |
| 18:14 | Create | Skirmisher |
| 18:14 | Create | Villager (Male) |
| 18:15 | Create | Villager (Male) |
| 18:38 | Create | Skirmisher |
| 18:48 | Research | Padded Archer Armor |
| 18:48 | Research | Padded Archer Armor |
| 18:51 | Build | Lumber Camp |
| 18:54 | Create | Villager (Male) |
| 19:20 | Create | Skirmisher |
| 19:32 | Create | Villager (Male) |
| 19:37 | Build | Farm |
| 19:37 | Build | Farm |
| 19:44 | Build | Mill |
| 19:45 | Build | Farm |
| 19:45 | Build | Farm |
| 19:45 | Build | Farm |
| 19:45 | Build | Farm |
| 19:50 | Create | Skirmisher |
| 20:01 | Create | Villager (Male) |
| 20:03 | Build | Farm |
| 20:05 | Build | Farm |
| 20:05 | Build | Farm |
| 20:25 | Create | Villager (Male) |
Build order — PNAL | Miller
First 150 of 206 actions detected
| 0:00 | Create | Villager (Male) ×4 |
| 0:02 | Build | House |
| 0:04 | Build | House |
| 1:28 | Create | Villager (Male) |
| 1:50 | Create | Villager (Male) |
| 2:04 | Build | Lumber Camp |
| 2:13 | Create | Villager (Male) |
| 2:13 | Create | Villager (Male) |
| 2:47 | Create | Villager (Male) |
| 2:48 | Create | Villager (Male) |
| 3:10 | Create | Villager (Male) |
| 3:35 | Create | Villager (Male) |
| 3:49 | Build | House |
| 3:56 | Create | Villager (Male) |
| 4:23 | Build | House |
| 4:51 | Create | Villager (Male) |
| 5:01 | Create | Villager (Male) |
| 5:21 | Create | Villager (Male) |
| 5:34 | Create | Villager (Male) |
| 5:45 | Build | Palisade Wall |
| 6:02 | Build | Mill |
| 6:04 | Create | Villager (Male) |
| 6:06 | Build | Palisade Wall |
| 6:33 | Build | Palisade Wall |
| 6:45 | Create | Villager (Male) |
| 6:46 | Research | Loom |
| 7:26 | Build | Mining Camp |
| 7:36 | Build | Palisade Wall |
| 7:42 | Build | Palisade Wall |
| 8:02 | Create | Villager (Male) |
| 8:25 | Build | House |
| 8:42 | Research | Feudal Age |
| 8:42 | Research | Feudal Age |
| 9:08 | Build | Barracks |
| 9:13 | Build | Palisade Wall |
| 9:16 | Build | Palisade Wall |
| 10:01 | Build | Farm |
| 10:01 | Build | Farm |
| 10:02 | Build | Farm |
| 10:02 | Build | Farm |
| 10:02 | Build | Farm |
| 10:26 | Build | Farm |
| 10:33 | Build | House |
| 10:37 | Build | Palisade Wall |
| 10:38 | Build | Palisade Wall |
| 10:47 | Create | Villager (Male) |
| 10:52 | Age | Feudal Age |
| 10:56 | Build | Archery Range |
| 10:57 | Create | Villager (Male) |
| 11:12 | Build | Palisade Wall |
| 11:28 | Research | Town Watch |
| 11:34 | Create | Villager (Male) |
| 11:36 | Build | Farm |
| 11:42 | Research | Double-Bit Axe |
| 11:42 | Research | Double-Bit Axe |
| 11:42 | Research | Double-Bit Axe |
| 11:43 | Create | Archer |
| 11:43 | Create | Archer |
| 12:01 | Build | House |
| 12:19 | Create | Archer |
| 12:19 | Create | Archer |
| 12:20 | Create | Villager (Male) |
| 12:55 | Create | Villager (Male) |
| 12:56 | Build | Farm |
| 13:02 | Build | House |
| 13:04 | Create | Villager (Male) |
| 13:08 | Create | Spearman |
| 13:39 | Create | Archer |
| 13:43 | Build | Farm |
| 13:43 | Build | Farm |
| 13:43 | Build | Farm |
| 13:43 | Build | Farm |
| 13:44 | Build | Farm |
| 13:44 | Create | Villager (Male) |
| 13:55 | Build | Farm |
| 13:58 | Create | Villager (Male) |
| 14:03 | Build | Palisade Wall |
| 14:09 | Create | Archer |
| 14:11 | Create | Villager (Male) |
| 14:19 | Build | Farm |
| 14:26 | Create | Archer |
| 14:40 | Build | Farm |
| 14:48 | Build | House |
| 14:50 | Build | Palisade Wall |
| 14:58 | Create | Villager (Male) |
| 15:02 | Build | House |
| 15:04 | Research | Wheelbarrow |
| 15:04 | Research | Wheelbarrow |
| 15:11 | Create | Villager (Male) |
| 15:36 | Build | Blacksmith |
| 15:37 | Create | Archer |
| 15:40 | Create | Villager (Male) |
| 15:46 | Build | House |
| 16:09 | Build | Watch Tower |
| 16:22 | Create | Villager (Male) |
| 16:22 | Research | Fletching |
| 16:26 | Build | Palisade Gate |
| 16:42 | Build | House |
| 16:48 | Create | Archer |
| 16:51 | Create | Villager (Male) |
| 16:54 | Build | Market |
| 17:12 | Create | Villager (Male) |
| 17:37 | Build | Palisade Wall |
| 17:53 | Build | House |
| 18:13 | Build | House |
| 18:14 | Build | House |
| 18:32 | Research | Castle Age |
| 18:33 | Create | Archer |
| 18:33 | Create | Archer |
| 18:52 | Build | Palisade Wall |
| 19:09 | Build | House |
| 19:28 | Create | Archer |
| 19:36 | Create | Villager (Male) |
| 19:38 | Build | Farm |
| 19:46 | Research | Horse Collar |
| 19:47 | Research | Horse Collar |
| 19:52 | Build | Stone Wall |
| 19:54 | Build | Gate |
| 19:55 | Create | Villager (Male) |
| 19:56 | Build | Stone Wall |
| 19:57 | Create | Archer |
| 20:14 | Create | Villager (Male) |
| 20:28 | Build | House |
| 20:33 | Build | Palisade Wall |
| 20:34 | Build | Palisade Wall |
| 20:36 | Create | Villager (Male) |
| 20:40 | Create | Archer |
| 20:58 | Build | Farm |
| 20:59 | Build | Farm |
| 21:10 | Build | House |
| 21:12 | Age | Castle Age |
| 21:13 | Research | Crossbowman (upgrade) |
| 21:17 | Research | Bodkin Arrow |
| 21:17 | Research | Bodkin Arrow |
| 21:34 | Create | Villager (Male) |
| 21:38 | Create | Archer |
| 21:43 | Research | Crossbowman (upgrade) |
| 21:43 | Research | Crossbowman (upgrade) |
| 21:46 | Create | Villager (Male) |
| 21:50 | Build | Palisade Wall |
| 22:01 | Create | Villager (Male) |
| 22:04 | Create | Villager (Male) |
| 22:24 | Create | Villager (Male) |
| 22:26 | Build | Farm |
| 22:26 | Build | Farm |
| 22:26 | Build | Farm |
| 22:40 | Create | Villager (Male) |
| 23:11 | Research | Bow Saw |
| 23:11 | Research | Bow Saw |
| 23:11 | Research | Bow Saw |
Match timeline
| 2:47 | Speed · first_building Barracks |
| 5:45 | PNAL | Miller · wall_segment Palisade Wall x4 |
| 6:06 | PNAL | Miller · wall_segment Palisade Wall x2 |
| 6:33 | PNAL | Miller · wall_segment Palisade Wall x4 |
| 7:36 | PNAL | Miller · wall_segment Palisade Wall x1 |
| 7:42 | PNAL | Miller · wall_segment Palisade Wall x1 |
| 7:55 | Speed · wall_segment Palisade Wall x1 |
| 8:04 | Speed · wall_segment Palisade Wall x1 |
| 8:13 | Speed · wall_segment Palisade Wall x1 |
| 8:14 | Speed · wall_segment Palisade Wall x1 |
| 9:08 | PNAL | Miller · first_building Barracks |
| 9:13 | PNAL | Miller · wall_segment Palisade Wall x1 |
| 9:16 | PNAL | Miller · wall_segment Palisade Wall x1 |
| 9:54 | Speed · wall_segment Palisade Wall x1 |
| 10:04 | Speed · wall_segment Palisade Wall x1 |
| 10:06 | Speed · wall_segment Palisade Wall x1 |
| 10:37 | PNAL | Miller · wall_segment Palisade Wall x1 |
| 10:38 | PNAL | Miller · wall_segment Palisade Wall x1 |
| 10:52 | PNAL | Miller · age_up feudal |
| 10:56 | PNAL | Miller · first_building Archery Range |
| 11:12 | PNAL | Miller · wall_segment Palisade Wall x7 |
| 11:27 | Speed · wall_segment Palisade Wall x1 |
| 11:27 | Speed · wall_segment Palisade Wall x1 |
| 11:36 | Speed · wall_segment Palisade Wall x1 |
| 11:58 | Speed · wall_segment Palisade Wall x1 |
| 11:59 | Speed · wall_segment Palisade Wall x1 |
| 12:09 | Speed · wall_segment Palisade Wall x1 |
| 12:15 | Speed · wall_segment Palisade Wall x1 |
| 12:17 | Speed · wall_segment Palisade Wall x1 |
| 12:45 | Speed · age_up feudal |
| 12:58 | Speed · first_building Archery Range |
| 14:00 | Speed · wall_segment Palisade Wall x8 |
| 14:03 | PNAL | Miller · wall_segment Palisade Wall x3 |
| 14:04 | Speed · wall_segment Palisade Wall x1 |
| 14:50 | PNAL | Miller · wall_segment Palisade Wall x9 |
| 15:01 | Speed · wall_segment Palisade Wall x12 |
| 17:02 | Speed · wall_segment Palisade Wall x5 |
| 17:22 | Speed · wall_segment Palisade Wall x1 |
| 17:23 | Speed · wall_segment Palisade Wall x1 |
| 17:23 | Speed · wall_segment Palisade Wall x1 |
| 17:30 | Speed · wall_segment Palisade Wall x1 |
| 17:37 | PNAL | Miller · wall_segment Palisade Wall x1 |
| 18:25 | PNAL | Miller · first_market_sell 500 wood |
| 18:47 | Speed · first_market_buy 100 food |
| 18:52 | PNAL | Miller · wall_segment Palisade Wall x3 |
| 19:52 | PNAL | Miller · wall_segment Stone Wall x4 |
| 19:56 | PNAL | Miller · wall_segment Stone Wall x1 |
| 20:33 | PNAL | Miller · wall_segment Palisade Wall x1 |
| 20:34 | PNAL | Miller · wall_segment Palisade Wall x1 |
| 21:12 | PNAL | Miller · age_up castle |
| 21:50 | PNAL | Miller · wall_segment Palisade Wall x1 |
| 24:02 | PNAL | Miller · first_market_buy 100 stone |
| 25:04 | Speed · age_up castle |
| 25:55 | PNAL | Miller · first_building Siege Workshop |
| 26:33 | PNAL | Miller · wall_segment Palisade Wall x1 |
| 27:29 | PNAL | Miller · wall_segment Stone Wall x1 |
| 27:30 | PNAL | Miller · wall_segment Stone Wall x2 |
| 27:30 | PNAL | Miller · wall_segment Stone Wall x1 |
| 27:31 | Speed · first_building Monastery |
| 28:44 | PNAL | Miller · wall_segment Stone Wall x1 |
| 28:57 | PNAL | Miller · resign |
[ AI ANALYSIS · 1 CREDIT ]
What really happened in this match?
Wolo.gg analyzes every decision: build order, eco, micro, common mistakes by bracket. Personalized analysis on WhatsApp or Discord in 30 seconds.
Civ guide
Aztecs
Perfil
Moczymorda (Speed)